 Dungeon Crawl Stone Soup version 0.28.0-53-g5a82cb258f (webtiles) character file.

Game seed: 5067157146513483557

14 issech the Skirmisher (level 2, -4/27 HPs)
             Began as a Minotaur Monk on May 28, 2022.
             Slain by a gnoll
             ... wielding a +0 flail
              (7 damage)
             ... on level 1 of the Dungeon.
             The game lasted 00:00:31 (71 turns).

issech the Skirmisher (Minotaur Monk)                 Turns: 71, Time: 00:00:31

Health: -4/27      AC:  3    Str: 15    XL:     2   Next: 27%
Magic:  1/1        EV: 13    Int:  7    God:
Gold:   0          SH:  0    Dex: 12    Spells: 1/1 levels left

rFire   . . .      SeeInvis .   a - +0 hand axe
rCold   . . .      Faith    .   (no shield)
rNeg    . . .      Spirit   .   b - +0 robe
rPois   .          Reflect  .   (helmet restricted)
rElec   .          Harm     .   (no cloak)
rCorr   .          Rampage  .   c - +0 pair of gloves
Will    .....                   (no boots)
Stlth   ++........              (no amulet)
HPRegen 0.09/turn               (no ring)
MPRegen 0.07/turn               (no ring)

@: no status effects
A: horns 2, retaliatory headbutt
a: no special abilities


You were on level 1 of the Dungeon.
You visited 1 branch of the dungeon, and saw 1 of its levels.

Inventory:

Hand Weapons
 a - a +0 hand axe (weapon)
Armour
 b - a +0 robe (worn)
 c - a +0 pair of gloves (worn)


   Skills:
 + Level 4.0 Fighting
 + Level 4.0 Axes
 + Level 3.4 Dodging
 + Level 1.6 Stealth


You had one spell level left.
You didn't know any spells.
Your spell library was empty.

Dungeon Overview and Level Annotations

Branches:
Dungeon (1/15)

Altars:


Innate Abilities, Weirdness & Mutations

You have a pair of horns on your head.
You reflexively headbutt those who attack you in melee.


Message History

You hit the goblin.
The goblin is severely wounded.
The goblin closely misses you.
The gnoll shouts!
You hit the goblin.
You kill the goblin!
You hit the endoplasm. You headbutt the endoplasm.
The endoplasm is almost dead.
You hit the kobold but do no damage. The kobold closely misses you.
The endoplasm barely misses you. The kobold misses you.
You hit the endoplasm.
You kill the endoplasm!
You completely miss the kobold. The kobold hits you but does no damage.
Your Fighting skill increases to level 4!
The kobold barely misses you.
Things that are here:
a +0 club; a goblin corpse You barely miss the kobold.
The kobold barely misses you.
You hit the kobold. Your headbutt misses the kobold.
The kobold is heavily wounded.
The kobold hits you with a +0 whip.
You completely miss the kobold.
The kobold is heavily wounded.
You hit the gnoll but do no damage. The gnoll hits you with a +0 flail!
The kobold closely misses you.
You barely miss the kobold. Your headbutt misses the kobold.
The kobold is heavily wounded.
You closely miss the gnoll. The gnoll barely misses you.
The kobold closely misses you.
Unknown command.
You hit the kobold.
You kill the kobold!
You hit the gnoll. The gnoll hits you with a +0 flail!
* * * LOW HITPOINT WARNING * * *
The gnoll barely misses you.
Your Axes skill increases to level 4!
You hit the gnoll but do no damage. You headbutt the gnoll.
The gnoll is heavily wounded.
The gnoll hits you with a +0 flail!
You die...

#......#.....# #..>
#....#.....#...
#........#.#
#...).....##
#)†.)...#..###.
#..#....#......
#..###....# .
#......g..###..
#......@)...... ###
#.##......###.# ..#
####.##.......#
..#.###....##........#
..#.....#####......#...
#.####..# #.....(.....
#.#.....# ######......
..#.##### ...... ..'.#


You could see a gnoll.

Vanquished Creatures
  2 endoplasms (D:1)
  2 giant cockroaches (D:1)
  3 goblins (D:1)
  3 kobolds (D:1)
  A rat (D:1)
11 creatures vanquished.

Notes
Turn   | Place    | Note
-------+----------+-------------------------------------------
     0 | D:1      | issech the Minotaur Monk began the quest for the Orb.
     0 | D:1      | Reached XP level 1. HP: 19/19 MP: 0/0
    51 | D:1      | Reached XP level 2. HP: 27/27 MP: 1/1
    71 | D:1      | Slain by a gnoll

Illustrated notes

Levels and vault maps discovered:
D:1:      amcnicky_arrival_flooded_fountain, layout_rooms

Skill      XL: |  1  2 |
---------------+-------+-----
Fighting       | 4 |  4.0
Axes           | 4 |  4.0
Dodging        | |  3.4
Stealth        | |  1.6

Action                   || total
-------------------------++-------
Melee: Hand axe          ||    20
       Headbutt          ||     3
Armor: Robe              ||     5
Dodge: Dodged            ||    24
